 Dungeon Sprint DCSS version 0.26-a0-664-gc8b27b8fc1 (webtiles) character file.

Game seed: 17305432697882841078

718 Conn the Thaumaturge (level 7, 0/42 HPs)
             Began as an Octopode Hedge Wizard on Oct 13, 2020.
             Was a Priest of Sif Muna.
             Killed from afar by a burning bush (15 damage)
             ... with a puff of flame
             ... in the Dungeon (Sprint IV: "Fedhas' Mad Dash").
             The game lasted 00:30:11 (6556 turns).

Conn the Thaumaturge (Octopode Hedge Wizard)        Turns: 6556, Time: 00:30:14

Health: 0/42       AC:  1    Str:  9    XL:     7   Next: 70%
Magic:  7/19       EV: 14    Int: 18    God:    Sif Muna [***...]
Gold:   170        SH:  0    Dex: 12    Spells: 11/24 levels left

rFire    . . .     SeeInvis .   a - +2 dagger
rCold    . . .     Faith    .   (no shield)
rNeg     . . .     Spirit   .   b - +0 hat
rPois    .         Reflect  .   c - amulet of invisibility {+Inv}
rElec    .         Harm     .   (no ring)
rCorr    .         Rampage  .   (no ring)
MR       .....     NoTele   +   (no ring)
Stlth    ++++......             (no ring)
HPRegen  0.14/turn              (no ring)
MPRegen  0.16/turn              (no ring)
                                (no ring)
                                (no ring)

@: no status effects
A: almost no armour, stealthy swim, amphibious, 8 rings, constrict 8, camouflage
1, gelatinous body 1
a: Channel Magic, Forget Spell, Renounce Religion, Evoke Invisibility


You were in the Dungeon.
You worshipped Sif Muna.
Sif Muna was most pleased with you.
You visited 1 branch You collected 170 gold pieces.

Inventory:

Hand Weapons
 a - a +2 dagger (weapon)
Armour
 b - a +0 hat (worn)
Magical Staves
 d - an uncursed staff of cold
Jewellery
 c - the amulet of invisibility (around mantle) {+Inv}
   (You found it in the Dungeon)

   [amulet of nothing]

   It lets you turn invisible.
Scrolls
 i - a scroll of blinking
Potions
 g - a potion of magic


   Skills:
 + Level 0.4 Fighting
 + Level 0.7 Short Blades
 + Level 3.3 Dodging
 + Level 4.3 Stealth
 + Level 9.4 Spellcasting
 * Level 6.8 Conjurations
 + Level 1.1 Hexes
 + Level 5.4 Summonings
 + Level 1.4 Translocations
 + Level 3.8 Fire Magic
 + Level 4.0 Air Magic
 + Level 4.8 Poison Magic
 - Level 3.2 Invocations
 + Level 3.8 Evocations


You had 11 spell levels left.
You knew the following spells:

 Your Spells              Type           Power        Failure   Level
a - Magic Dart            Conj           ####         1%          1
b - Blink                 Tloc           N/A          7%          2
c - Call Imp              Summ           ####....     1%          2
d - Conjure Flame         Conj/Fire      ####....     2%          3
e - Mephitic Cloud        Conj/Pois/Air  ####....     3%          3
f - Slow                  Hex            ##......     9%          2

Your spell library contained the following spells:

 Spells                   Type           Power        Failure   Level


Dungeon Overview and Level Annotations

Branches:
Dungeon (1/1)

Altars:
Cheibriados
Dithmenos
Elyvilon
Gozag
Hepliaklqana
Kikubaaqudgha
Makhleb
Nemelex Xobeh
Okawaru
Qazlal
Ru
Sif Muna
Trog
Uskayaw
Vehumet
Wu Jian
Xom
Yredelemnul
Zin
The Shining One
Beogh
Jiyva
Lugonu

Shops:
D [}**

Annotations:
D exclusion: 2 oklob plants


Innate Abilities, Weirdness & Mutations

You cannot wear most types of armour.
You are very stealthy in the water. (Stealth+)
You are amphibious.
You can wear up to eight rings at the same time.
You can use your tentacles to constrict eight enemies at once.
Your skin changes colour to match your surroundings (Stealth+).
Your rubbery body absorbs attacks. (AC +1, EV +1)


Message History

Casting: Magic Dart (safe; 1% risk of failure)
Confirm with . or Enter, or press ? or * to list all spells.
Aiming: Magic Dart (safe; 1% risk of failure)
Press: ? - help, Shift-Dir - straight line, f/p - burning bush
Aim: a burning bush (almost destroyed)
The magic dart hits the burning bush.
The burning bush is almost destroyed.
The burning bush throws fire at you. The puff of flame hits you.
Your shadow imp hits the burning bush but does no damage.
Casting: Magic Dart (safe; 1% risk of failure)
Confirm with . or Enter, or press ? or * to list all spells.
Aiming: Magic Dart (safe; 1% risk of failure)
Press: ? - help, Shift-Dir - straight line, f/p - burning bush
Aim: a burning bush (almost destroyed)
The magic dart hits the burning bush but does no damage.
The burning bush is almost destroyed.
The burning bush throws fire at you. The puff of flame hits you!
You die...

###################
.⌠.#.['...#....##∩#
_.)'..#...#...P'@[#
...#..###'##.$5##∩#
_..#..##∩∩.'...####
.⌠.#############
####


You could see a burning bush and a friendly shadow imp (summoned).

Vanquished Creatures
  A queen bee (D)
  2 scorpions (D)
  2 killer bees (D)
  2 wandering mushrooms (D)
  3 oklob saplings (D)
  A worker ant (D)
  2 spriggans (D)
  A river rat (D)
  A rat (D)
15 creatures vanquished.

Vanquished Creatures (collateral kills)
  2 killer bees (D)
  An oklob sapling (D)
3 creatures vanquished.

Grand Total: 18 creatures vanquished

Notes
Turn   | Place    | Note
-------+----------+-------------------------------------------
     0 | D        | Conn the Octopode Hedge Wizard began the quest for the Orb.
     0 | D        | Reached XP level 1. HP: 11/11 MP: 4/4
    11 | D        | Reached skill level 4 in Spellcasting
    11 | D        | Reached XP level 2. HP: 9/17 MP: 0/7
   160 | D        | Learned a level 2 spell: Blink
   163 | D        | Learned a level 2 spell: Call Imp
   166 | D        | Noticed an oklob sapling
   179 | D        | Killed an oklob sapling
   179 | D        | Reached skill level 5 in Spellcasting
   179 | D        | Reached XP level 3. HP: 21/21 MP: 5/10
   182 | D        | Found the amulet of invisibility {+Inv}
   187 | D        | Reached skill level 6 in Spellcasting
   187 | D        | Reached XP level 4. HP: 12/27 MP: 6/12
   348 | D        | Learned a level 3 spell: Conjure Flame
   352 | D        | Learned a level 3 spell: Mephitic Cloud
   355 | D        | Learned a level 2 spell: Slow
   363 | D        | Found an opulent altar of Gozag.
   363 | D        | Found a hazy altar of Hepliaklqana.
   363 | D        | Found a burning altar of Makhleb.
   363 | D        | Found a roughly hewn altar of Beogh.
   363 | D        | Found a sparkling altar of Nemelex Xobeh.
   363 | D        | Found a snail-covered altar of Cheibriados.
   363 | D        | Found a sacrificial altar of Ru.
   363 | D        | Found a shimmering blue altar of Sif Muna.
   363 | D        | Found a shimmering altar of Xom.
   363 | D        | Found a basalt altar of Yredelemnul.
   364 | D        | Found a viscous altar of Jiyva.
   364 | D        | Found a bloodstained altar of Trog.
   364 | D        | Found an ornate altar of the Wu Jian Council.
   364 | D        | Noticed an oklob sapling priest
   365 | D        | Found an iron altar of Okawaru.
   365 | D        | Found a glowing silver altar of Zin.
   365 | D        | Found a shadowy altar of Dithmenos.
  1106 | D        | Killed an oklob sapling priest
  1106 | D        | Reached skill level 1 in Evocations
  1108 | D        | Found a hide-covered altar of Uskayaw.
  1108 | D        | Found an ancient bone altar of Kikubaaqudgha.
  1109 | D        | Found a glowing golden altar of the Shining One.
  1109 | D        | Found a stormy altar of Qazlal.
  1109 | D        | Found a white marble altar of Elyvilon.
  1110 | D        | Found a radiant altar of Vehumet.
  1110 | D        | Found a corrupted altar of Lugonu.
  1112 | D        | Became a worshipper of Sif Muna the Loreminder
  2043 | D        | Reached skill level 7 in Spellcasting
  2043 | D        | Reached skill level 1 in Fire Magic
  2043 | D        | Reached skill level 1 in Air Magic
  2043 | D        | Reached skill level 1 in Poison Magic
  2043 | D        | Reached XP level 5. HP: 31/31 MP: 9/14
  2046 | D        | Reached * piety under Sif Muna
  2113 | D        | Found Angue's Gadget Shop.
  2113 | D        | Found Toarywez's Armour Emporium.
  2121 | D        | Noticed a burning bush
  2121 | D        | Noticed a wandering mushroom
  2380 | D        | Noticed a wandering mushroom
  2644 | D        | Reached XP level 6. HP: 37/37 MP: 6/16
  2967 | D        | Killed a wandering mushroom
  2967 | D        | Reached ** piety under Sif Muna
  2967 | D        | Reached skill level 8 in Spellcasting
  2967 | D        | Reached skill level 5 in Conjurations
  3471 | D        | Reached XP level 7. HP: 42/42 MP: 8/19
  3545 | D        | Noticed a queen bee
  3557 | D        | Reached skill level 1 in Invocations
  3565 | D        | Reached *** piety under Sif Muna
  3565 | D        | Reached skill level 9 in Spellcasting
  3565 | D        | Reached skill level 5 in Summonings
  3575 | D        | Killed a queen bee
  3575 | D        | Reached skill level 1 in Hexes
  3804 | D        | Noticed an oklob plant
  4262 | D        | Noticed a burning bush
  4867 | D        | Noticed a burning bush
  4867 | D        | Noticed an oklob plant
  5521 | D        | Found Exzuz's Assorted Antiques.
  5522 | D        | Found Bokkidun's Assorted Antiques.
  6556 | D        | Killed from afar by a burning bush

Illustrated notes

Levels and vault maps discovered:
D:        dungeon_sprint_fedhas [sprint_temple]

Skill      XL: |  1  2  3  4  5  6  7 |
---------------+----------------------+-----
Stealth        | 3 4 |  4.3
Spellcasting   | 4 5 6 7 8 9 |  9.4
Dodging        | 3 |  3.3
Conjurations   | 3 4 5 6 |  6.8
Summonings     | 3 4 5 |  5.4
Evocations     | 2 3 |  3.8
Fire Magic     | 1 2 3 |  3.8
Air Magic      | 1 2 3 4 |  4.0
Poison Magic   | 1 3 4 |  4.8
Invocations    | 3 |  3.2
Hexes          | 1 |  1.1
Fighting       | |  0.4
Short Blades   | |  0.7
Translocations | |  1.4

Action                   |  1- 3 |  4- 6 |  7- 9 || total
-------------------------+-------+-------+-------++-------
Melee: Dagger            |    12 |    14 |    32 ||    58
       Constrict         |     4 |     4 |     1 ||     9
       Tentacles         |     1 |     1 |    10 ||    12
 Cast: Magic Dart        |     4 |    91 |   120 ||   215
       Blink             |     2 |       |     1 ||     3
       Call Imp          |       |    57 |    17 ||    74
       Mephitic Cloud    |       |     1 |     2 ||     3
       Slow              |       |     2 |       ||     2
 Abil: Evoke Invisibilit |       |    11 |     8 ||    19
  Use: Potion            |     2 |     2 |     1 ||     5
       Scroll            |       |       |     3 ||     3
 Stab: Confused          |       |     1 |       ||     1
       Distracted        |       |       |     1 ||     1
Dodge: Dodged            |     4 |     7 |    13 ||    24

Table legend: (Time is in decaauts)
 A = Elapsed time spent in this place.
 B = Non-inter-level travel time spent in this place.
 C = Inter-level travel time spent in this place.
 D = Time resting spent in this place.
 E = Time spent auto-exploring this place.
 F = Levels seen in this place.
 G = Mean time per level.
                   A        B        C        D        E       F      G
               +--------+--------+--------+--------+--------+-----+--------+
         Total |   6553 |   6553 |      0 |   5473 |      0 |   1 | 6553.0 |
       Dungeon |   6553 |   6553 |      0 |   5473 |      0 |   1 | 6553.0 |
               +--------+--------+--------+--------+--------+-----+--------+

Top non-repeatable levels by time:
       D: 6553 daAuts
